 Dungeon Sprint DCSS version 0.31.0-11-ge490571c62 (webtiles) character file.

Game seed: 2575941683695588333

23480 boopmooplesden the Hoplite (level 12, 0/172 HPs)
             Began as an Armataur Fighter on Feb 8, 2024.
             Was the Champion of Trog.
             Succumbed to a war gargoyle's poison
             ... in the Dungeon (Sprint V: "Ziggurat Sprint").
             The game lasted 00:07:31 (931 turns).

boopmooplesden the Hoplite (Armataur Fighter)        Turns: 931, Time: 00:07:31

Health: 0/172      AC: 44    Str: 34    XL:     12   Next: 72%
Magic:  12/12      EV:  1    Int:  9    God:    Trog [******]
Gold:   0          SH: 36    Dex: 24    Spells: 11/11 levels left

rFire   + + .        E - +11 Screaming Sword {sonic wave}
rCold   . . .        D - +18 shield of the Gong {Loud rN+ Will+ rCorr EV-5}
rNeg    + . .        C - +15 Maxwell's patent armour {-Cast -Tele rElec Will+ rCorr}
rPois   .            (no helmet)
rElec   +            (no cloak)
rCorr   +            V - +0 pair of gloves of Tulips {+Blink Dex+5}
SInv    .            P - +4 barding {rF+}
Will    ++...        R - amulet of the Lotus Blossom {Faith rF+ Will+ Str+4} Stlth
                     S - ring of Surprise {+Blink Fly Will- Str+7}
HPRegen 0.48/turn    x - +6 ring of dexterity
MPRegen 0.13/turn

%: no teleportation, no spellcasting, roll, faith
@: berserking (expiring), lethally poisoned (0 -> -8), flying, studying 2
skills, very quick
A: large, deformed body, tough skin 3, armoured tail, roll 2, screaming 1
a: Renounce Religion, Evoke Blink, Berserk, Trog's Hand, Brothers in Arms


You were in the Dungeon.
You worshipped Trog.
Trog was exalted by your worship.
You visited 1 branch

Inventory:

Hand Weapons
 a - a +0 long sword
 E - the +11 Screaming Sword (weapon) {sonic wave}
   (You found it in the Dungeon)
 F - the +11 plutonium sword {^Contam Stlth-}
   (You found it in the Dungeon)

   ^Contam:   It causes magical contamination when unequipped.
   Stlth-:    It makes you less stealthy.
 G - the +9 sword of Power {lifebolt}
   (You found it in the Dungeon)
 Y - the +6 trident of Ket Cytt {spect, MP+9 Str+4 SInv}
   (You found it in the Dungeon)

   Str+4:     It affects your strength (+4).
   MP+9:      It affects your magic capacity (+9).
   SInv:      It lets you see invisible.
 Z - the +2 Maxwell's thermic engine {flame, freeze, rev}
   (Trog gifted it to you in the Dungeon)
Armour
 C - the +15 Maxwell's patent armour (worn) {-Cast -Tele rElec Will+ rCorr}
   (You found it in the Dungeon)

   rElec:     It insulates you from electricity.
   Will+:     It increases your willpower.
   -Cast:     It prevents spellcasting.
   -Tele:     It prevents most forms of teleportation.
   rCorr:     It protects you from acid and corrosion.
 D - the +18 shield of the Gong (worn) {Loud rN+ Will+ rCorr EV-5}
   (You found it in the Dungeon)

   Loud:      It is deafeningly noisy when blocking attacks.
   EV-5:      It affects your evasion (-5).
   rN+:       It protects you from negative energy.
   Will+:     It increases your willpower.
   rCorr:     It protects you from acid and corrosion.
 O - the +8 plate armour of Ennui {Slay+2}
   (You found it in the Dungeon)

   Slay+2:    It affects your accuracy & damage with ranged weapons and melee
   (+2).
 P - a +4 barding of fire resistance (worn)
 V - the +0 pair of gloves of Tulips (worn) {+Blink Dex+5}
   (You found it in the Dungeon)

   Dex+5:     It affects your dexterity (+5).
   +Blink:    It lets you blink.
Jewellery
 v - a ring of flight
 w - a +6 ring of dexterity
 x - a +6 ring of dexterity (right hand)
 y - a +6 ring of intelligence
 z - a +6 ring of intelligence
 A - a +6 ring of strength
 B - a +6 ring of strength
 H - a ring of poison resistance
 I - the ring "Dilavul" {rElec rF+ rC- SInv}
   (You found it in the Dungeon)

   [ring of see invisible]

   rF+:       It protects you from fire.
   rC-:       It makes you vulnerable to cold.
   rElec:     It insulates you from electricity.
   SInv:      It lets you see invisible.
 J - an amulet of magic regeneration
 M - a ring of the Octopus King {rC+ HP+2 AC+2 EV+2 SH+2}
   (You found it in the Dungeon)

   [ring of protection from cold]

   AC+2:      It affects your AC (+2).
   EV+2:      It affects your evasion (+2).
   rC+:       It protects you from cold.
   HP+2:      It affects your health (+2).
   SH+2:      It affects your SH (+2).
 N - a ring of protection from fire
 Q - the ring of Ravaig {rF- rCorr Str+3 Int+6 Dex+3}
   (You found it in the Dungeon)

   [ring of resist corrosion]

   Str+3:     It affects your strength (+3).
   Int+6:     It affects your intelligence (+6).
   Dex+3:     It affects your dexterity (+3).
   rF-:       It makes you vulnerable to fire.
   rCorr:     It protects you from acid and corrosion.
 R - the amulet of the Lotus Blossom (around neck) {Faith rF+ Will+ Str+4}
   (You found it in the Dungeon)

   [amulet of faith]

   Faith:     It allows you to gain divine favour quickly.
   Str+4:     It affects your strength (+4).
   rF+:       It protects you from fire.
   Will+:     It increases your willpower.
 S - the ring of Surprise (left hand) {+Blink Fly Will- Str+7}
   (You found it in the Dungeon)

   [ring of flight]

   Str+7:     It affects your strength (+7).
   Will-:     It decreases your willpower.
   Fly:       It grants you flight.
   +Blink:    It lets you blink.
 U - the ring of Viewneg {Will+ rCorr SInv}
   (You found it in the Dungeon)

   [ring of resist corrosion]

   Will+:     It increases your willpower.
   SInv:      It lets you see invisible.
   rCorr:     It protects you from acid and corrosion.
Wands
 s - a wand of mindburst (7)
 t - a wand of iceblast (11)
 u - a wand of acid (19)
 L - a wand of charming (14)
 T - a wand of flame (36)
 W - a wand of polymorph (7)
Scrolls
 b - a scroll of enchant armour
 j - 4 scrolls of blinking
 o - 4 scrolls of amnesia
 p - 7 scrolls of fog
 q - 5 scrolls of identify
 r - 2 scrolls of fear
 X - a scroll of brand weapon
Potions
 d - 6 potions of might
 e - 10 potions of curing
 f - 7 potions of heal wounds
 g - 6 potions of haste
 h - 7 potions of magic
 i - 3 potions of berserk rage
 k - 2 potions of brilliance
 l - 2 potions of invisibility
 m - 4 potions of resistance
 n - a potion of experience
Miscellaneous
 K - a phial of floods


   Skills:
 + Level 13.6 Fighting
 + Level 17.8 Long Blades
 + Level 17.9 Armour
 + Level 1.7 Dodging
 + Level 21.6 Shields


You had 11 spell levels left.
You didn't know any spells.
Your spell library was empty.

Dungeon Overview and Level Annotations

Branches:
Dungeon (1/1)

Altars:
Ashenzari
Cheibriados
Dithmenos
Elyvilon
Fedhas
Gozag
Hepliaklqana
Kikubaaqudgha
Makhleb
Nemelex Xobeh
Okawaru
Qazlal
Ru
Sif Muna
Trog
Uskayaw
Vehumet
Wu Jian
Xom
Yredelemnul
Zin
The Shining One
Jiyva
Lugonu

Annotations:
D 1 transporter


Innate Abilities, Weirdness & Mutations

Armour fits poorly on your strangely shaped body.
You have extremely tough skin. (AC +3)
You have a long armoured tail.
You regenerate magic and health when rolling toward enemies. (Rampage Regen)
You occasionally shout uncontrollably at your foes.


Message History

Your tail-slap misses the ancient champion.
The ancient champion is almost destroyed.
You block the ancient champion's attack.
GONNNNG!
Your life force feels restored.
You hit the iron golem but do no damage.
You tail-slap the iron golem.
The iron golem is moderately damaged.
You block the war gargoyle's attack.
GONNNNG!
You block the ancient champion's attack.
GONNNNG!
You hit the iron golem but do no damage.
The iron golem is moderately damaged.
The iron golem barely misses you.
The iron golem hits you but does no damage.
You hit the iron golem.
Your tail-slap misses the iron golem.
The iron golem is moderately damaged.
You block the war gargoyle's attack.
GONNNNG!
You block the ancient champion's attack.
BONNNG!
Unknown command.
You slice the war gargoyle!!
You tail-slap the war gargoyle, but do no damage.
The war gargoyle is almost destroyed.
You block the iron golem's attack.
GONNNNG!
You block the iron golem's attack.
SHROANNG!
You block the ancient champion's attack.
SHROANNG!
The war gargoyle hits you with a +3 lajatang of venom.
* * * LOW HITPOINT WARNING * * *
You are lethally poisoned!
You slash the ancient champion!
You destroy the ancient champion!
Trog accepts your kill.
Trog appreciates your killing of a magic user.
You die...

▓.▓.....▓.▓.▓
▓....8©8....▓....©....▓..
▓..)?))//)..▓▓▓▓▓▓▓▓▓▓▓▓▓
▓...:|):?...▓...8©8...▓..
▓...........▓...%.....▓..
▓...........▓...)|....▓..
▓.......†...▓..)).....▓..
▓.....†9....▓.........▓..
▓.....)9@...▓..(()....▓..
▓......)....▓.........▓..
▓...........▓.........▓.▓
▓.....©.....▓....©....▓..
▓▓▓▓▓▓▓▓▓▓▓▓▓▓▓▓▓▓▓▓▓▓▓▓▓
▓...8©8...▓...8©8...▓...8
▓..)".:):.▓..).:))..▓...%
▓...)).[..▓..)).||..▓...:
▓.........▓.........▓....


You could see an iron golem and a war gargoyle.

Vanquished Creatures
  A caustic shrike (D)
  2 pandemonium lords (D)
  2 ancient champions (D)
  An eldritch tentacle (D)
  A storm dragon (D)
  A balrug (D)
  An iron dragon (D)
  A quicksilver elemental (D)
  3 war gargoyles (D)
  An eidolon (D)
  A green death (D)
  2 spriggan air magi (D)
  A two-headed ogre (D)
  A sixfirhy (D)
  A large abomination (D)
  3 cyclopes (D)
  A naga mage (D)
  A rust devil (D)
  2 tormentors (D)
  A komodo dragon (D)
  A merfolk (D)
  An ice devil (D)
  A red devil (D)
  3 wind drakes (D)
  7 air elementals (D)
  3 spriggans (D)
  A wyvern (D)
  3 yaks (D)
  2 neqoxecs (D)
  A naga (D)
  2 small abominations (D)
  2 water moccasins (D)
  A black bear (D)
  An ogre (D)
  3 centaurs (D)
  2 bullfrogs (D)
  3 crimson imps (D)
  An iron imp (D)
  3 iguanas (D)
  3 adders (D)
  3 river rats (D)
  A shadow imp (D)
  An ufetubus (D)
  5 jackals (D)
  2 ball pythons (D)
84 creatures vanquished.

Vanquished Creatures (collateral kills)
  A pandemonium lord (D)
1 creature vanquished.

Vanquished Creatures (others)
  A ball python (D)
1 creature vanquished.

Grand Total: 86 creatures vanquished

Notes
Turn   | Place    | Note
-------+----------+-------------------------------------------
     0 | D        | boopmooplesden the Armataur Fighter began the quest for the
                  | Orb.
     0 | D        | Reached XP level 1. HP: 18/18 MP: 1/1
     0 | D        | Found a shimmering blue altar of Sif Muna.
     0 | D        | Found a sacrificial altar of Ru.
     0 | D        | Found a bloodstained altar of Trog.
     0 | D        | Found a stormy altar of Qazlal.
     0 | D        | Found an iron altar of Okawaru.
     0 | D        | Found a sparkling altar of Nemelex Xobeh.
     0 | D        | Found a blossoming altar of Fedhas.
     0 | D        | Found the +6 Majin-Bo {spellvamp, MP+6 Int+6}
     0 | D        | Found the +27 heavy crossbow "Sniper" {heavy, Acc+∞ SInv}
     0 | D        | Found the +10 dark maul {heavy}
     0 | D        | Found the +15 Maxwell's patent armour {-Cast -Tele rElec
                  | Will+ rCorr}
     0 | D        | Found the +18 shield of the Gong {Loud rN+ Will+ rCorr
                  | EV-5}
     0 | D        | Found the +16 obsidian axe {drain, demonic, Mesm ^Drain Fly
                  | SInv}
     0 | D        | Found the +7 great mace "Firestarter" {flame, immolate,
                  | rFlCloud rF++}
     0 | D        | Found the +6 shillelagh "Devastator" {shatter}
     0 | D        | Found the +11 plutonium sword {^Contam Stlth-}
     0 | D        | Found the +8 lance "Wyrmbane" {slay drac, rPois rF+ rC+
                  | AC+3}
     0 | D        | Found the +9 sword of Zonguldrok {reap}
     0 | D        | Found the +13 scythe of Curses {drain, curses, ^Drain}
     0 | D        | Found the +9 sword of Power {lifebolt}
     0 | D        | Found the +7 mace of Variability {chaos, chaos arc}
     0 | D        | Found the +11 Singing Sword {sonic wave}
     0 | D        | Found the +8 storm bow {elec, penet}
     2 | D        | Found a transporter.
     2 | D        | Found an ancient bone altar of Kikubaaqudgha.
     2 | D        | Found a viscous altar of Jiyva.
     2 | D        | Found a corrupted altar of Lugonu.
     2 | D        | Found a hazy altar of Hepliaklqana.
     2 | D        | Found a burning altar of Makhleb.
     2 | D        | Found an opulent altar of Gozag.
    70 | D        | Became a worshipper of Trog the Wrathful
    82 | D        | Entered arena 2.
    82 | D        | Noticed a crimson imp
    82 | D        | Noticed an iron imp
    82 | D        | Found a transporter.
    83 | D        | Killed a crimson imp
    84 | D        | Reached skill level 5 in Armour
    84 | D        | Reached skill level 4 in Shields
    84 | D        | Reached XP level 2. HP: 27/27 MP: 2/2
    84 | D        | Reached XP level 3. HP: 33/33 MP: 3/3
    85 | D        | Reached * piety under Trog
    86 | D        | Reached skill level 5 in Shields
    93 | D        | Entered arena 3.
    93 | D        | Noticed a cyclops
    93 | D        | Noticed a two-headed ogre
    93 | D        | Noticed an ogre
    93 | D        | Found a transporter.
    97 | D        | Killed an ogre
    98 | D        | Reached skill level 5 in Fighting
    98 | D        | Reached skill level 6 in Shields
    98 | D        | Reached XP level 4. HP: 44/44 MP: 4/4
    98 | D        | Reached XP level 5. HP: 50/50 MP: 5/5
    99 | D        | Killed a cyclops
   100 | D        | Reached skill level 5 in Long Blades
   100 | D        | Reached skill level 10 in Armour
   100 | D        | Reached skill level 9 in Shields
   100 | D        | Reached XP level 6. HP: 60/60 MP: 6/6
   100 | D        | Killed a two-headed ogre
   101 | D        | Reached skill level 11 in Shields
   101 | D        | Gained mutation: You regenerate magic and health when
                  | rolling toward enemies. (Rampage Regen) [Armataur growth]
   101 | D        | Reached XP level 7. HP: 69/69 MP: 7/7
   101 | D        | Reached XP level 8. HP: 77/77 MP: 8/8
   144 | D        | Got the ring "Dilavul" {rElec rF+ rC- SInv}
   146 | D        | Entered arena 4.
   146 | D        | Found a transporter.
   148 | D        | Reached ** piety under Trog
   164 | D        | Entered arena 5.
   164 | D        | Found the ring of the Octopus King {rC+ HP+2 AC+2 EV+2
                  | SH+2}
   164 | D        | Found a transporter.
   166 | D        | Reached *** piety under Trog
   169 | D        | Reached skill level 12 in Shields
   179 | D        | Got a ring of the Octopus King {rC+ HP+2 AC+2 EV+2 SH+2}
   181 | D        | Entered arena 6.
   181 | D        | Found a transporter.
   183 | D        | Reached **** piety under Trog
   191 | D        | Got the +8 plate armour of Ennui {Slay+2}
   193 | D        | Entered arena 7.
   194 | D        | Found a transporter.
   195 | D        | Reached ***** piety under Trog
   198 | D        | Reached XP level 9. HP: 77/85 MP: 9/9
   200 | D        | Reached skill level 13 in Shields
   218 | D        | Entered arena 8.
   218 | D        | Noticed a naga mage
   220 | D        | Found a transporter.
   223 | D        | Reached skill level 10 in Fighting
   226 | D        | Killed a naga mage
   226 | D        | Received a gift from Trog
   237 | D        | Got the ring of Ravaig {rF- rCorr Str+3 Int+6 Dex+3}
   243 | D        | Entered arena 9.
   243 | D        | Noticed a komodo dragon
   244 | D        | Found a transporter.
   246 | D        | Reached ****** piety under Trog
   246 | D        | Received a gift from Trog
   248 | D        | Reached skill level 14 in Shields
   249 | D        | Killed a komodo dragon
   250 | D        | Reached skill level 10 in Long Blades
   255 | D        | Got the amulet of the Lotus Blossom {Faith rF+ Will+ Str+4}
   262 | D        | Got the ring of Surprise {+Blink Fly Will- Str+7}
   273 | D        | Entered arena 10.
   273 | D        | Noticed a cyclops
   273 | D        | Noticed a cyclops
   273 | D        | Noticed a wind drake
   273 | D        | Noticed a wind drake
   273 | D        | Noticed a merfolk
   274 | D        | Found a transporter.
   278 | D        | Killed a wind drake
   280 | D        | Killed a cyclops
   281 | D        | Reached XP level 10. HP: 94/94 MP: 10/10
   282 | D        | Killed a cyclops
   283 | D        | Reached skill level 15 in Shields
   297 | D        | Got the ring of Viewneg {Will+ rCorr SInv}
   302 | D        | Got the +0 pair of gloves of Tulips {+Blink Dex+5}
   421 | D        | Entered arena 11.
   421 | D        | Noticed a large abomination
   421 | D        | Noticed an eidolon
   423 | D        | Found a transporter.
   425 | D        | Received a gift from Trog
   426 | D        | Killed an eidolon
   427 | D        | Reached skill level 16 in Shields
   427 | D        | Killed a large abomination
   428 | D        | Reached skill level 15 in Armour
   462 | D        | Entered arena 12.
   462 | D        | Noticed a balrug
   462 | D        | Noticed Otiast the pandemonium lord
   462 | D        | Noticed a green death
   462 | D        | Noticed a sixfirhy
   462 | D        | Noticed Haumnoku the pandemonium lord
   463 | D        | Noticed Xuets the pandemonium lord
   464 | D        | Noticed a rust devil
   464 | D        | Found a transporter.
   467 | D        | Noticed a rust devil
   467 | D        | Killed a sixfirhy
   467 | D        | Received a gift from Trog
   470 | D        | Killed a green death
   471 | D        | Reached skill level 17 in Shields
   471 | D        | Reached XP level 11. HP: 102/102 MP: 11/11
   476 | D        | Killed a balrug
   477 | D        | Killed Haumnoku the pandemonium lord
   477 | D        | Received a gift from Trog
   478 | D        | Reached skill level 15 in Long Blades
   478 | D        | Reached skill level 18 in Shields
   491 | D        | Killed Xuets the pandemonium lord
   495 | D        | Noticed a sixfirhy
   497 | D        | Gained mutation: You occasionally shout uncontrollably at
                  | your foes. [a neqoxec]
   501 | D        | Noticed a sun demon
   508 | D        | Killed Otiast the pandemonium lord
   509 | D        | Reached skill level 19 in Shields
   524 | D        | Got the +6 trident of Ket Cytt {spect, MP+9 Str+4 SInv}
   630 | D        | Entered arena 13.
   630 | D        | Paralysed by an air elemental for 1 turns
   631 | D        | Noticed a spriggan air mage
   631 | D        | Noticed a storm dragon
   631 | D        | Noticed a spriggan air mage
   631 | D        | Found a transporter.
   633 | D        | Paralysed by an air elemental for 1 turns
   635 | D        | Received a gift from Trog
   635 | D        | Found the +2 Maxwell's thermic engine {flame, freeze, rev}
   636 | D        | Reached skill level 1 in Dodging
   636 | D        | Reached XP level 12. HP: 113/113 MP: 12/12
   638 | D        | Killed a spriggan air mage
   638 | D        | Killed a spriggan air mage
   640 | D        | Killed a storm dragon
   641 | D        | Reached skill level 20 in Shields
   909 | D        | Entered arena 14.
   910 | D        | Noticed a war gargoyle
   910 | D        | Noticed a caustic shrike
   910 | D        | Noticed a war gargoyle
   910 | D        | Noticed an iron dragon
   910 | D        | Noticed a quicksilver elemental
   910 | D        | Noticed an ancient champion
   910 | D        | Noticed an ancient champion
   910 | D        | Noticed a war gargoyle
   910 | D        | Noticed a war gargoyle
   911 | D        | Noticed an iron golem
   911 | D        | Found a transporter.
   919 | D        | Killed an ancient champion
   919 | D        | Killed a caustic shrike
   919 | D        | Received a gift from Trog
   920 | D        | Killed an iron dragon
   920 | D        | Killed a war gargoyle
   921 | D        | Reached skill level 21 in Shields
   921 | D        | Killed a quicksilver elemental
   921 | D        | Received a gift from Trog
   922 | D        | Killed a war gargoyle
   925 | D        | HP: 2/172 [ancient champion/+1 battleaxe of draining (14)]
   926 | D        | Killed a war gargoyle
   930 | D        | HP: 2/172 [war gargoyle/+3 lajatang of venom (1)]
   931 | D        | Killed an ancient champion
   931 | D        | Succumbed to a war gargoyle's poison

Illustrated notes

Levels and vault maps discovered:
D:        sprint_v [room_start, room_1, room_2, room_3, room_4, room_5, room_6,
          room_7, room_8, room_9, room_10, room_11, room_12, room_13, room_14,
          room_15, room_16, room_17, room_18, room_19, room_20, room_21,
          room_22, room_23, room_24, room_25, room_26, room_27]

Skill      XL: |  1  2  3  4  5  6  7  8  9 10 11 12 |
---------------+-------------------------------------+-----
Fighting       | 4 5 7 8 9 10 11 12 13 | 13.6
Long Blades    | 2 3 5 6 8 11 14 16 17 | 17.8
Armour         | 5 7 10 11 12 14 15 16 17 | 17.9
Shields        | 4 6 9 11 12 14 17 19 21 | 21.6
Dodging        | 1 |  1.7

Action                     |  1- 3 |  4- 6 |  7- 9 | 10-12 || total
---------------------------+-------+-------+-------+-------++-------
  Melee: Double sword      |     5 |     3 |    35 |    69 ||   112
         Tailslap          |       |       |     7 |    14 ||    21
 Invoke: Berserk           |     1 |       |     2 |     4 ||     7
         Trog's Hand       |       |       |       |     1 ||     1
         Brothers in Arms  |       |       |       |     1 ||     1
    Use: Potion            |       |       |       |     3 ||     3
         Scroll            |       |       |       |     3 ||     3
 Armour: Plate armour      |       |     1 |    11 |    82 ||    94
  Dodge: Dodged            |     1 |       |       |     2 ||     3
  Block: Kite shield       |     8 |     4 |    64 |   108 ||   184
